 Dungeon Crawl Stone Soup version 0.29.1-1-gd02db6906a (webtiles) character file.

Game seed: 2766969913701215223

70 Powertoast the Ruffian (level 4, 44/44 HPs)
             Began as a Troll Gladiator on Sept 18, 2022.
             Was an Initiate of Makhleb.
             Quit the game on level 2 of the Dungeon.
             The game lasted 00:03:42 (1146 turns).

Powertoast the Ruffian (Troll Gladiator)            Turns: 1146, Time: 00:03:43

Health: 44/44      AC:  5    Str: 22    XL:     4   Next: 4%
Magic:  3/3        EV: 10    Int:  4    God:    Makhleb [......]
Gold:   109        SH:  0    Dex: 13    Spells: 3/3 levels left

rFire   . . .      SeeInvis .     - Unarmed
rCold   . . .      Faith    .   (no shield)
rNeg    . . .      Spirit   .   a - +0 robe
rPois   .          Reflect  .   b - +0 hat
rElec   .          Harm     .   k - +0 cloak
rCorr   .          Rampage  .   (gloves unavailable)
Will    .....                   (boots unavailable)
Stlth   +.........              (no amulet)
HPRegen 0.94/turn               (no ring)
MPRegen 0.08/turn               (no ring)

@: no status effects
A: large, unfitting armour, claws 3, regeneration 1, shaggy fur 1, tough skin 1
a: Renounce Religion


You were on level 2 of the Dungeon.
You worshipped Makhleb.
Makhleb was noncommittal.
You visited 1 branch of the dungeon, and saw 2 of its levels.

You collected 109 gold pieces.

Inventory:

Missiles
 c - 3 throwing nets
 d - a large rock
 f - 6 poisoned darts (quivered)
Armour
 a - a +0 robe (worn)
 b - a +0 hat (worn)
 k - a +0 cloak (worn)
Jewellery
 o - a ring of positive energy
Scrolls
 g - a scroll of summoning {unknown}
 j - a scroll of immolation {unknown}
 l - a scroll of enchant armour {unknown}
 m - a scroll of identify {unknown}
 p - a scroll of noise {unknown}
Potions
 e - 2 potions of mutation {unknown}
 h - a potion of might {unknown}
 i - 2 potions of invisibility {unknown}
 n - a potion of haste {unknown}
 q - a potion of cancellation {unknown}


   Skills:
 + Level 2.3 Fighting
 - Level 1.7 Throwing
 - Level 2.4 Dodging
 * Level 4.4 Unarmed Combat


You had 3 spell levels left.
You didn't know any spells.
Your spell library was empty.

Dungeon Overview and Level Annotations

Branches:
Dungeon (2/15)

Altars:
Makhleb


Innate Abilities, Weirdness & Mutations

You are too large for most types of armour.
You have claws for hands.
Your natural rate of healing is unusually fast.
You are covered in fur. (AC +1)
You have tough skin. (AC +1)


Message History

A ball python comes into view.
The ball python hisses angrily.
You claw the ball python!
You kill the ball python!
Found a stone staircase leading up.
A hobgoblin comes into view.
The hobgoblin shouts!
The hobgoblin hits you but does no damage.
You scratch the hobgoblin.
The hobgoblin is moderately wounded.
The hobgoblin hits you.
You barely miss the hobgoblin.
The hobgoblin is moderately wounded.
The hobgoblin barely misses you.
You claw the hobgoblin!
You kill the hobgoblin!
You see here a hobgoblin corpse.
You open the door.
There is an open door here.
o - a ring of positive energy
Found a club.
You see here a +0 club.
Found a stone staircase leading down.
You open the door.
There is an open door here.
Found a burning altar of Makhleb.
There is a burning altar of Makhleb here.
You kneel at the altar of Makhleb.
Makhleb welcomes you!
You open the door.
There is an open door here.
You see here a hobgoblin corpse.
You see here a +0 dagger.
p - a scroll labelled SOWABL PUSI You now have 109 gold pieces (gained 9).
q - a fuming ruby potion You open the door.
There is an open door here.
Found a ring mail.
Are you sure you want to abandon this character and quit the game? (Confirm with "yes".)

........####.#.####.#............
. #..........#......#.#.#.###....
.##.................#.#..........
....................#.#.#.###.)..
......................#.#........
.....##....#############....#####
.##...+....+................# #
....###....###....#####.....#####
....#.......##..@...............#
.........##....?................#
###.......#....##...............#
#.......#.... #..........[....#
#... ..... .......###.#.....
###.. ..... .##...####.##+##.
###. . ...........##. .[
...####....##. ..........##.


There were no monsters in sight!

Vanquished Creatures
  Natasha (D:2)
  2 worms (D:2)
  A dart slug (D:2)
  4 ball pythons
  5 endoplasms
  2 goblins (D:1)
  6 hobgoblins
  4 kobolds
  A quokka (D:1)
  3 bats
  4 frilled lizards
  3 rats (D:1)
36 creatures vanquished.

Notes
Turn   | Place    | Note
-------+----------+-------------------------------------------
     0 | D:1      | Powertoast the Troll Gladiator began the quest for the Orb.
     0 | D:1      | Reached XP level 1. HP: 19/19 MP: 0/0
   126 | D:1      | Reached XP level 2. HP: 28/28 MP: 1/1
   732 | D:2      | Reached XP level 3. HP: 35/35 MP: 2/2
   800 | D:2      | Reached skill level 4 in Unarmed Combat
   847 | D:2      | Noticed Natasha
   851 | D:2      | Killed Natasha
   951 | D:2      | Reached XP level 4. HP: 44/44 MP: 3/3
  1038 | D:2      | Found a burning altar of Makhleb.
  1046 | D:2      | Became a worshipper of Makhleb the Destroyer
  1146 | D:2      | Quit the game

Illustrated notes

Levels and vault maps discovered:
D:1:      saegor_arrival_miasma, layout_loops_ring, st_stairs_10
D:2:      layout_basic, basic_altar, uniq_natasha

Skill      XL: |  1  2  3 |
---------------+----------+-----
Fighting       | 2 |  2.3
Unarmed Combat | 4 |  4.4
Throwing       | |  1.7
Dodging        | |  2.4

Action                   |  1- 3 |  4- 6 || total
-------------------------+-------+-------++-------
Melee: Unarmed           |    73 |     4 ||    77
       Punch             |     2 |       ||     2
Throw: Dart              |     1 |       ||     1
Armor: Robe              |    28 |     1 ||    29
Dodge: Dodged            |    31 |     1 ||    32
